 Dungeon Crawl Stone Soup version 0.29.1-2-gbd0b4ee654 (console) character file.

Game seed: 8767056219317250079

219 om the Agent of Entropy (level 5, -2/53 HPs)
             Began as a Troll Abyssal Knight on Nov 2, 2022.
             Was a Priest of Lugonu.
             Slain by a gnoll sergeant
             ... wielding a +0 spear
              (8 damage)
             ... on level 5 of the Dungeon.
             The game lasted 00:04:30 (1945 turns).

om the Agent of Entropy (Troll Abyssal Knight)      Turns: 1945, Time: 00:04:31

Health: -2/53      AC:  8    Str: 21    XL:     5   Next: 63%
Magic:  6/6        EV: 10    Int:  6    God:    Lugonu [***...]
Gold:   124        SH:  0    Dex: 12    Spells: 4/4 levels left

rFire   . . .      SeeInvis .   h - +0 flail
rCold   . . .      Faith    .   (no shield)
rNeg    . . .      Spirit   .   b - +0 robe
rPois   +          Reflect  .   (helmet restricted)
rElec   .          Harm     .   (no cloak)
rCorr   .          Rampage  .   (gloves unavailable)
Will    .....                   (boots unavailable)
Stlth   +.........              (no amulet)
HPRegen 0.97/turn               n - +4 ring of protection
MPRegen 0.10/turn               p - ring of poison resistance

@: confused, ambrosia-drunk
A: large, unfitting armour, claws 3, regeneration 1, shaggy fur 1, tough skin 1
a: Renounce Religion, Depart the Abyss, Bend Space, Banish


You were on level 5 of the Dungeon.
You worshipped Lugonu.
Lugonu was most pleased with you.
You visited 1 branch of the dungeon, and saw 5 of its levels.
You visited the Abyss 1 time.

You collected 124 gold pieces.

Inventory:

Hand Weapons
 a - a +1 mace
 h - a +0 flail (weapon)
Armour
 b - a +0 robe (worn)
Jewellery
 n - a +4 ring of protection (left claw)
 p - a ring of poison resistance (right claw)
Wands
 m - a wand of polymorph (5)
Scrolls
 d - 3 scrolls of vulnerability {unknown}
 e - a scroll of magic mapping {unknown}
 g - 2 scrolls of blinking {unknown}
 i - a scroll of enchant armour {unknown}
 j - 5 scrolls of identify {unknown}
 k - 2 scrolls of teleportation {unknown}
 o - 2 scrolls of enchant weapon {unknown}
 q - a scroll of fear {unknown}
Potions
 f - a potion of berserk rage {unknown}
 l - a potion of magic


   Skills:
 + Level 3.1 Fighting
 + Level 2.8 Maces & Flails
 * Level 3.2 Dodging
 * Level 3.2 Invocations


You had 4 spell levels left.
You didn't know any spells.
Your spell library was empty.

Dungeon Overview and Level Annotations

Branches:
Dungeon (6/15)
 Temple: D:4-7

Altars:

Annotations:
D:5 1 transporter, xian's ghost, weakling DEDe


Innate Abilities, Weirdness & Mutations

You are too large for most types of armour.
You have claws for hands.
Your natural rate of healing is unusually fast.
You are covered in fur. (AC +1)
You have tough skin. (AC +1)


Message History

The gnoll sergeant hits you but does no damage.
The gnoll closely misses you.
The gnoll sergeant hits you with a +0 spear.
* * * LOW HITPOINT WARNING * * *
The gnoll sergeant hits you from afar with a +0 spear.
* * * LOW HITPOINT WARNING * * *
The gnoll attacks as you move away! The gnoll barely misses you.
The gnoll attacks as you move away! The gnoll hits you with a +0 whip.
* * * LOW HITPOINT WARNING * * *
It was a potion of magic.
Magic courses through your body. The gnoll completely misses you.
The gnoll sergeant hits you from afar with a +0 spear!
* * * LOW HITPOINT WARNING * * *
It was a potion of ambrosia.
You are confused.
You feel invigorated. The gnoll hits you but does no damage.
The gnoll hits you with a +0 flail.
* * * LOW HITPOINT WARNING * * *
The gnoll sergeant hits you from afar with a +0 spear.
* * * LOW HITPOINT WARNING * * *
You hit the gnoll.
The gnoll is almost dead.
The gnoll hits you with a +0 whip.
* * * LOW HITPOINT WARNING * * *
The gnoll closely misses you.
The gnoll sergeant hits you from afar with a +0 spear.
* * * LOW HITPOINT WARNING * * *
You bump into the rock wall.
The gnoll hits you but does no damage. The gnoll hits you with a +0 flail.
* * * LOW HITPOINT WARNING * * *
The gnoll sergeant hits you from afar with a +0 spear.
* * * LOW HITPOINT WARNING * * *
You hit the gnoll.
The gnoll is almost dead.
The gnoll hits you with a +0 whip!
* * * LOW HITPOINT WARNING * * *
The gnoll closely misses you. The gnoll sergeant closely misses you.
You're too confused to move!
The gnoll barely misses you. x2
The gnoll sergeant hits you from afar with a +0 spear!
You die...

# # ###########
..........# ...[....#.#
#######.#.#############
.................gg...###
......#.#.......@g......#
......#.#############.#.#
#######.# #.# # ..# #)#
### #.# #.# #.# #.# #.#


You could see a gnoll sergeant and 2 gnolls.

Vanquished Creatures
  A hound (D:6)
  Natasha (thrice) (D:2)
  An orc wizard (D:3)
  A gnoll (D:5)
  2 adders
  2 worms (D:2)
  A dart slug (D:1)
  4 orcs
  An endoplasm (D:1)
  A giant cockroach (D:1)
  9 goblins
  3 hobgoblins
  7 jackals
  A quokka (D:2)
  4 bats
  2 frilled lizards
  5 kobolds
  5 rats
53 creatures vanquished.

Notes
Turn   | Place    | Note
-------+----------+-------------------------------------------
     0 | Abyss:1  | om the Troll Abyssal Knight began the quest for the Orb.
     0 | Abyss:1  | Reached XP level 1. HP: 22/22 MP: 1/1
     1 | D:1      | Escaped the Abyss
   133 | D:1      | Reached XP level 2. HP: 23/29 MP: 2/2
   716 | D:1      | Reached XP level 3. HP: 36/36 MP: 3/3
   978 | D:2      | Found a faded altar of an unknown god.
  1204 | D:2      | Noticed Natasha
  1216 | D:2      | Killed Natasha
  1217 | D:2      | Reached XP level 4. HP: 44/44 MP: 4/4
  1286 | D:2      | Noticed Natasha
  1295 | D:2      | Killed Natasha
  1429 | D:2      | Noticed Natasha
  1440 | D:2      | Killed Natasha
  1610 | D:3      | Reached *** piety under Lugonu
  1611 | D:3      | Reached XP level 5. HP: 48/52 MP: 6/6
  1821 | D:3      | You fall into a shaft and drop 3 floors!
  1860 | D:5      | Entered Level 5 of the Dungeon
  1860 | D:5      | Noticed xian's ghost (weakling DEDe)
  1860 | D:5      | Found a transporter.
  1943 | D:5      | HP: 2/53 [gnoll sergeant/+0 spear (1)]
  1945 | D:5      | Slain by a gnoll sergeant

Illustrated notes

Levels and vault maps discovered:
D:1:      ebering_trefoil_3fold, layout_basic, nicolae_wormholes
D:2:      layout_loops_ring, shapermc_ecumenical_altar_starsandcircs,
          minivault_14, minmay_circled_x, uniq_natasha
D:3:      layout_loops_cross, uniq_crazy_yiuf_cottage
D:5:      layout_basic, gammafunk_ghost_stat_death
D:6:      layout_gridville, zin_purify

Skill      XL: |  1  2  3  4  5 |
---------------+----------------+-----
Dodging        | 2 3 |  3.2
Maces & Flails | 2 |  2.8
Invocations    | 2 3 |  3.2
Fighting       | 3 |  3.1

Action                   |  1- 3 |  4- 6 || total
-------------------------+-------+-------++-------
Melee: Mace              |    30 |       ||    30
       Punch             |     2 |     1 ||     3
       Flail             |    70 |    93 ||   163
       Unarmed           |     7 |     3 ||    10
  Use: Potion            |       |     2 ||     2
 Stab: Confused          |     1 |       ||     1
Armor: Robe              |    49 |    67 ||   116
       Skin              |       |     1 ||     1
Dodge: Dodged            |    88 |    83 ||   171
